Map: Recife Abissal LE

Players

TheZergLord - Winner!

  • Race: Zerg Zerg
  • League: Grandmaster
  • Spawn Location: 5:00

DakkoN

  • Race: Zerg Zerg
  • League: Grandmaster
  • Spawn Location: 11:00

VOD

Have the link to the VOD?

Description

Time

  • Played on: Nov. 3, 2017, 10:37 a.m.
  • Length: 9:44
Show
View Real Time Build Order
Export as new Build Order

TheZergLord Zerg - Winner!

Build Orders: Pool First 

Get SALT Encoding   

  12  0:01  Drone  
  13  0:13  Overlord  
  13  0:18  Drone  
  14  0:33  Drone x2  
  16  0:36  Drone  
  17  0:47  Extractor  
  17  0:49  Drone  
  17  0:50  Spawning Pool  
  17  0:57  Drone  
  17  1:07  Drone  
  18  1:20  Hatchery  
  17  1:37  Queen  
  17  1:38  Zergling x4  
  21  1:47  Metabolic Boost  
  21  1:57  Spine Crawler  
  21  1:58  Zergling x2  
  21  2:02  Zergling x2  
  21  2:07  Overlord  
  22  2:27  Zergling x4  
  23  2:30  Queen  
  23  2:32  Zergling x2  
  26  2:37  Queen  
  26  2:52  Zergling x4  
  26  2:53  Zergling x4  
  26  2:54  Zergling x2  
  26  3:04  Zergling x2  
  26  3:05  Zergling x4  
  28  3:19  Queen  
  26  3:22  Zergling x4  
  27  3:29  Zergling x4  
  29  3:47  Overlord  
  28  3:49  Drone  
  28  3:50  Drone x3  
  32  4:09  Zergling x2  
  34  4:10  Zergling x10  
  38  4:18  Baneling Nest  
  38  4:21  Drone x2  
  39  4:32  Queen  
  41  4:44  Zergling x4  
  43  4:45  Overlord  
  33  4:59  Drone x4  
  33  5:09  Baneling x2  
  30  5:18  Drone x2  
  32  5:22  Drone  
  32  5:27  Baneling x2  
  33  5:32  Baneling x3  
  23  6:04  Drone x3  
  23  6:05  Drone x6  
  30  6:15  Drone  
  30  6:16  Drone x2  
  30  6:17  Queen  
  35  6:23  Drone  
  35  6:24  Zergling x2  
  37  6:27  Drone  
  37  6:32  Zergling x2  
  39  6:37  Roach Warren  
  39  6:39  Drone x2  
  40  6:43  Extractor  
  39  6:49  Drone  
  39  6:50  Overlord  
  40  7:09  Overlord  
  40  7:17  Roach x5  
  52  7:23  Roach  
  52  7:28  Roach  
  54  7:33  Hatchery  
  54  7:34  Roach  
  54  7:35  Roach x3  
  61  7:39  Roach  
  61  7:40  Roach  
  65  7:48  Roach  
  65  7:49  Zergling x2  
  65  7:50  Overlord  
  68  7:52  Overlord  
  68  8:08  Overlord  
  68  8:09  Zergling x2  
  68  8:10  Zergling x6  
  72  8:18  Zergling x8  
  76  8:23  Zergling x2  
  76  8:26  Zergling x2  
  78  8:31  Queen  
  80  8:36  Zergling x4  
  82  8:48  Ravager  
  75  8:58  Zergling x2  
  75  8:59  Zergling x14  
  81  9:02  Ravager  
  81  9:03  Ravager  
  81  9:06  Ravager x2  
  81  9:07  Roach x2  
  81  9:08  Roach x3  
  91  9:22  Zergling x4  
  91  9:23  Zergling x8  
Show
View Real Time Build Order
Export as new Build Order

DakkoN Zerg 

Build Orders: Pool First, Zergling Baneling 

Get SALT Encoding   

  12  0:01  Drone  
  13  0:11  Drone  
  14  0:15  Extractor  
  14  0:17  Drone  
  14  0:32  Spawning Pool  
  14  0:35  Drone  
  14  0:44  Overlord  
  14  1:19  Zergling x6  
  14  1:20  Metabolic Boost  
  14  1:22  Queen  
  19  1:30  Zergling x2  
  20  1:38  Baneling Nest  
  19  1:42  Zergling x2  
  20  1:51  Zergling x2  
  21  2:02  Zergling x2  
  22  2:18  Overlord  
  22  2:25  Baneling x2  
  22  2:36  Zergling x8  
  22  3:01  Baneling  
  22  3:04  Zergling x2  
  22  3:05  Zergling x8  
  26  3:18  Zergling x2  
  22  3:29  Drone  
  22  3:30  Evolution Chamber  
  20  3:49  Zergling x6  
  20  3:50  Zergling x2  
  24  4:13  Drone x2  
  24  4:17  Baneling  
  26  4:21  Baneling x3  
  26  4:25  Drone  
  26  4:27  Drone x2  
  26  4:28  Overlord  
  29  4:45  Baneling x4  
  28  4:48  Zergling x2  
  28  4:49  Zergling x2  
  29  4:56  Drone  
  26  5:08  Zergling x6  
  26  5:11  Baneling x2  
  26  5:29  Hatchery  
  26  5:32  Zergling x2  
  26  5:33  Zergling x2  
  27  5:36  Queen  
  27  5:40  Zergling x2  
  30  5:46  Baneling x2  
  30  5:47  Baneling x2  
  23  6:16  Drone x6  
  29  6:35  Zerg Ground Armor Level 1  
  29  6:37  Drone x2  
  31  6:43  Drone  
  32  6:52  Drone x3  
  35  6:54  Drone x2  
  37  7:07  Drone  
  37  7:08  Drone  
  38  7:14  Zergling x2  
  38  7:15  Zergling x4  
  41  7:21  Zergling x4  
  43  7:23  Hatchery  
  43  7:28  Evolution Chamber  
  41  7:39  Overlord  
  41  7:40  Overlord  
  41  7:44  Lair  
  41  7:49  Zergling x2  
  41  7:50  Zergling x4  
  44  8:01  Drone  
  44  8:02  Drone x2  
  44  8:03  Drone  
  48  8:06  Queen  
  48  8:07  Zergling x4  
  48  8:12  Zergling x2  
  53  8:13  Zergling x4  
  55  8:20  Spine Crawler  
  55  8:21  Zergling x2  
  55  8:22  Spine Crawler, Zergling x4  
  55  8:24  Zergling x2  
  55  8:25  Zergling x2  
  58  8:34  Zergling x4  
  59  8:35  Baneling  
  59  8:36  Baneling x2  
  41  8:57  Zergling x12  
  41  8:58  Zergling x8  
  41  9:02  Zergling x4  
  47  9:08  Zergling x6  
  45  9:19  Zergling x2  
  45  9:20  Zergling x8  
  33  9:25  Zergling x2  
Tags
 
Add a new tag
Caveats
  • Supply blocks, unpowered buildings, or Contaminate may cause inaccurate times.
  • Supply counts are checked every 10 seconds.